Cogmind - Beta 11 X11 @@@ ROGUE MODE // 2022.03.01 @ 22:15:49 Player: lsend Result: Destroyed by D-53 Grenadier with Mini Grenade Launcher Performance ------------- Evolutions (0) 0 Regions Visited (4) 800 Robots Destroyed (1) 5 Value Destroyed (15) 15 Prototype IDs (23) 460 Alien Tech Used (0) 0 Bonus (300) 300 TOTAL SCORE: 1580 Bonus ------- Aligned with FarCom 300 Cogmind --------- Core Integrity 0/250 Matter 170/300 Energy 97/100 System Corruption 0% Temperature Cool (0) Movement Core (50) Location -9/Mines Parts ------- > --- POWER (1) -------- (None) > --- PROPULSION (2) --- (None) > --- UTILITY (2) ------ Utility Shielding > --- WEAPON (2) ------- (None) > --- INVENTORY (5) ---- Flying Fortress v7 Deploy-a-Sentry Peak State ------------ > --- POWER ------------ (None) > --- PROPULSION ------- Light Treads Light Treads > --- UTILITY ---------- Small Storage Unit Utility Shielding > --- WEAPON ----------- Grenade Launcher Grenade Launcher > --- INVENTORY -------- Flying Fortress v7 Deploy-a-Sentry Deploy-a-Sentry Deploy-a-Sentry [Rating: 11] Favorites ----------- Power None Propulsion Light Treads Treads Light Treads Utility Utility Shielding Storage Small Storage Unit Protection Utility Shielding Weapon Grenade Launcher Launcher Grenade Launcher Build | -11 -10 -10 -10 -9 ------- Run | Scr Mat Min Exi Min Slots Evolved . | . . . . . Power . | . . . . . Propulsion . | . . . . . Utility . | . . . . . Weapon . | . . . . . Parts Attached 6 | 2 . 1 2 1 Power . | . . . . . Engine . | . . . . . Core . | . . . . . Reactor . | . . . . . Propulsion 2 | 2 . . . . Treads 2 | 2 . . . . Leg . | . . . . . Wheel . | . . . . . Hover . | . . . . . Flight . | . . . . . Utility 2 | . . 1 1 . Device . | . . . . . Storage 1 | . . . 1 . Processor . | . . . . . Hackware . | . . . . . Protection 1 | . . 1 . . Artifact . | . . . . . Weapon 2 | . . . 1 1 Energy Gun . | . . . . . Energy Cannon . | . . . . . Ballistic Gun . | . . . . . Ballistic Cannon . | . . . . . Launcher 2 | . . . 1 1 Special Weapon . | . . . . . Impact Weapon . | . . . . . Slashing Weapon . | . . . . . Piercing Weapon . | . . . . . Special Melee Weapon . | . . . . . Unidentified Prototypes . | . . . . . Parts Lost 4 | . . . . 4 Power . | . . . . . Propulsion 2 | . . . . 2 Utility . | . . . . . Weapon 2 | . . . . 2 Highest Loss Streak 4 | . . . . 4 To Critical Strikes . | . . . . . Average Slot Usage (%) 53 | . 28 34 62 67 Treads 27 | . 28 28 28 25 Storage 7 | . . . 10 14 Protection 10 | . . 6 14 14 Launcher 7 | . . . 10 12 Naked Turns . | . . . . . Heaviest Build 9 | . . 1 9 9 Greatest Support 3 | 3 3 3 3 3 Greatest Overweight (x) 2 | . . . 2 2 Average Overweight (x) . | . . . . 1 Largest Inventory Capacity 8 | 5 5 5 8 8 Average Capacity 6 | 5 5 5 7 7 Most Carried 8 | 1 3 3 8 8 Average Carried 5 | . 1 3 6 7 Final Capacity 8 | 5 5 5 8 5 Final Carried 8 | 1 3 3 8 5 Class Distribution -------------------- 100% | Mutant Dominant Class ---------------- Mutant | -10/Materials Mutant | -10/Mines Mutant | -10/Exiles Mutant | -9/Mines Resources | -11 -10 -10 -10 -9 ----------- Run | Scr Mat Min Exi Min Matter Collected 230 | 190 . 26 . 14 Remotely . | . . . . . Salvage Created 92 | . . . . 92 Parts 4 | . . . . 4 Haulers Intercepted . | . . . . . Recyclers Shooed . | . . . . . Parts Field Recycled . | . . . . . Retrieved Matter . | . . . . . Parts Self-Destructed . | . . . . . Prevented . | . . . . . Kills | -11 -10 -10 -10 -9 ------- Run | Scr Mat Min Exi Min Combat Hostiles Destroyed 20 | . . . . 20 AOE 20 | . . . . 20 Classes Destroyed 2 | . . . . 2 Builder 1 | . . . . 1 Assembled 20 | . . . . 20 Best Kill Streak 20 | . . . . 20 Combat Bots Only 20 | . . . . 20 Max Kills in Single Turn 4 | . . . . 4 Gunslinging . | . . . . . Exploded 4 | . . . . 4 Melee . | . . . . . Uniques/NPCs Destroyed . | . . . . . Combat | -11 -10 -10 -10 -9 -------- Run | Scr Mat Min Exi Min Damage Taken 742 | . . . . 742 Core 255 | . . . . 255 Absorbed by Shields . | . . . . . Redirected to Shielding 21 | . . . . 21 Core Remaining (%) 100 | 100 . . . . Volleys Fired 11 | . . . . 11 Largest 2 | . . . . 2 Hottest 60 | . . . . 60 Shots Fired 12 | . . . . 12 Gun . | . . . . . Cannon . | . . . . . Launcher 12 | . . . . 12 Special . | . . . . . Kinetic . | . . . . . Thermal . | . . . . . Explosive 12 | . . . . 12 Electromagnetic . | . . . . . Robot Hit Streak 3 | . . . . 3 Robot Miss Streak 3 | . . . . 3 Penetration Max . | . . . . . Secondary Targets . | . . . . . Shots Hit Robots 6 | . . . . 6 Core Hits 44 | . . . . 44 Critical Kills . | . . . . . Critical Parts Destroyed . | . . . . . Critical Strikes . | . . . . . Melee Attacks . | . . . . . Impact . | . . . . . Slashing . | . . . . . Piercing . | . . . . . Sneak Attacks . | . . . . . Combat Hostiles . | . . . . . Follow-up Attacks . | . . . . . Damage Inflicted 1212 | . . . . 1212 Guns . | . . . . . Cannons . | . . . . . Explosions 1212 | . . . . 1212 Melee . | . . . . . Ramming . | . . . . . Kinetic . | . . . . . Thermal . | . . . . . Explosive 1212 | . . . . 1212 Electromagnetic . | . . . . . Impact . | . . . . . Slashing . | . . . . . Piercing . | . . . . . Highest Corruption . | . . . . . Average Corruption . | . . . . . Corruption Purged . | . . . . . Corruption Blocked . | . . . . . Overload Shots . | . . . . . Overflow Damage 7 | . . . . 7 Projectiles . | . . . . . Explosions 7 | . . . . 7 Melee . | . . . . . Knockbacks . | . . . . . Impact . | . . . . . Kinetic . | . . . . . Secondary . | . . . . . Self-Inflicted Damage 131 | . . . . 131 Shots 5 | . . . . 5 Rammed . | . . . . . Targets Rammed . | . . . . . Kicked . | . . . . . Crushed . | . . . . . Highest Temperature 10 | . . . . 10 Average Temperature 10 | . . . . 10 Received Heat Transfer 20 | . . . . 20 Siege Activations . | . . . . . Robots Corrupted . | . . . . . Combat Hostiles . | . . . . . Parts Fried . | . . . . . Impact Corruptions . | . . . . . Robots Melted . | . . . . . Combat Hostiles . | . . . . . Parts Melted . | . . . . . Heat Transferred . | . . . . . Parts Sabotaged . | . . . . . Parts Stolen . | . . . . . Parts Stripped . | . . . . . Power Chain Reactions . | . . . . . Missiles Intercepted . | . . . . . Alert | -11 -10 -10 -10 -9 ------- Run | Scr Mat Min Exi Min Peak Influence 113 | . 15 5 . 113 Initial 5 | . . 5 . . Average 27 | . 13 5 . 54 Maximum Alert Level . | . . . . . Low Security (%) 100 | 100 100 100 . 100 Level 1 . | . . . . . Level 2 . | . . . . . Level 3 . | . . . . . Level 4 . | . . . . . Level 5 . | . . . . . High Security . | . . . . . Max Security . | . . . . . Squads Dispatched . | . . . . . Investigation . | . . . . . Extermination . | . . . . . Reinforcement . | . . . . . Assault . | . . . . . Garrison . | . . . . . Intercept . | . . . . . Searches Triggered . | . . . . . Construction Impeded . | . . . . . Haulers Reinforced . | . . . . . Active Scanning Responses . | . . . . . Cargo Convoy Interrupts . | . . . . . Stealth | -11 -10 -10 -10 -9 --------- Run | Scr Mat Min Exi Min Distress Signals . | . . . . . Communications Jammed . | . . . . . Distress Signals . | . . . . . Times Spotted 23 | . 1 . . 22 Peak Tracking Total 16 | . 1 . . 16 Tactical Retreats . | . . . . . Traps | -11 -10 -10 -10 -9 ------- Run | Scr Mat Min Exi Min Traps Triggered . | . . . . . Indirectly . | . . . . . Trap Hack Attempts . | . . . . . Triggered . | . . . . . Disarmed . | . . . . . Reprogrammed . | . . . . . Reused . | . . . . . Traps Extracted . | . . . . . Installed . | . . . . . Triggered . | . . . . . Machines | -11 -10 -10 -10 -9 ---------- Run | Scr Mat Min Exi Min Machines Disabled 1 | . . . . 1 Max in Single Turn 1 | . . . . 1 Machines Sabotaged . | . . . . . Garrisons Compromised . | . . . . . Overloaded Fab Kills . | . . . . . Hacking | -11 -10 -10 -10 -9 --------- Run | Scr Mat Min Exi Min Machines Accessed 3 | . 1 . 2 . Terminals 1 | . 1 . . . Fabricators . | . . . . . Repair Stations . | . . . . . Recycling Units . | . . . . . Scanalyzers . | . . . . . Garrison Access . | . . . . . Total Hacks 4 | . 1 . 3 . Successful 3 | . . . 3 . Failed 1 | . 1 . . . Catastrophic . | . . . . . Database Lockouts . | . . . . . Manual 1 | . . . 1 . Terminals 1 | . 1 . . . Fabricators . | . . . . . Repair Stations . | . . . . . Recycling Units . | . . . . . Scanalyzers . | . . . . . Garrison Access . | . . . . . Terminal Hacks 3 | . . . 3 . Record 2 | . . . 2 . EX-Prototype ID Bank 1 | . . . 1 . Fabricator Hacks . | . . . . . Repair Station Hacks . | . . . . . Recycling Unit Hacks . | . . . . . Scanalyzer . | . . . . . Garrison Access Hacks . | . . . . . Unauthorized Hacks . | . . . . . Terminals . | . . . . . Fabricators . | . . . . . Repair Stations . | . . . . . Recycling Units . | . . . . . Scanalyzers . | . . . . . Garrison Access . | . . . . . Data Cores Recovered . | . . . . . Used . | . . . . . Hacking Detections 1 | . 1 . . . Full Trace Events . | . . . . . Feedback Events . | . . . . . Feedback Blocked . | . . . . . Robot Schematics Acquired . | . . . . . Robots Built . | . . . . . Authchips . | . . . . . Time . | . . . . . Total Robot Build Rating . | . . . . . Part Schematics Acquired . | . . . . . Parts Built . | . . . . . Authchips . | . . . . . Time . | . . . . . Total Part Build Rating . | . . . . . Parts Repaired . | . . . . . Time . | . . . . . Parts Recycled . | . . . . . Recycled Matter . | . . . . . Retrieved Matter . | . . . . . Retrieved Components . | . . . . . Parts Scanalyzed . | . . . . . Part Schematics Acquired . | . . . . . Parts Damaged . | . . . . . Bothacking | -11 -10 -10 -10 -9 ------------ Run | Scr Mat Min Exi Min Used RIF Installer . | . . . . . Robots Hacked . | . . . . . Non-combat . | . . . . . Combat . | . . . . . Robot Hacks Applied . | . . . . . Relay Couplers Released . | . . . . . Fabnet Peak Effective % . | . . . . . Robots Rewired . | . . . . . Allies Hacked . | . . . . . Hacks Repelled . | . . . . . Allies | -11 -10 -10 -10 -9 -------- Run | Scr Mat Min Exi Min Total Allies 1 | . . 1 . . Largest Group 1 | . . 1 . . Highest-Rated Group 31 | . . 31 . . Highest-Rated Ally 31 | . . 31 . . Total Orders . | . . . . . Ally Attacks 1 | . . . . 1 Total Damage 57 | . . . . 57 Kills . | . . . . . Allies Corrupted . | . . . . . Allies Melted . | . . . . . Turrets Deployed 1 | . . . . 1 Intel | -11 -10 -10 -10 -9 ------- Run | Scr Mat Min Exi Min Robot Analysis Total . | . . . . . Derelict Logs Recovered . | . . . . . Drone Launches . | . . . . . Drone Recoveries . | . . . . . Exploration | -11 -10 -10 -10 -9 ------------- Run | Scr Mat Min Exi Min Turns Passed 503 | 21 78 76 206 122 Spaces Moved 613 | 35 152 149 209 68 Core 613 | 35 152 149 209 68 Treads . | . . . . . Legs . | . . . . . Wheels . | . . . . . Hover . | . . . . . Flight . | . . . . . Fastest Speed 50 | 50 50 50 50 50 Average Speed 76 | 50 50 50 96 142 Slowest Speed 150 | 50 50 50 150 150 Overloaded Moves . | . . . . . Propulsion Burnouts . | . . . . . Robots Hopped . | . . . . . Cave-ins Triggered . | . . . . . Exploration Rate (%) 35 | 3 34 53 60 26 Regions Visited 4 Branch Regions 3 Pre-discovered Areas 1 | . . . 1 . Known Exits Taken . | . . . . . Unknown Exits Taken 4 | 1 1 1 1 . Scrap Searched 1 | . . 1 . . Spaces Dug . | . . . . . Terrain Destroyed 40 | . . . . 40 Melee . | . . . . . Projectile . | . . . . . AOE 40 | . . . . 40 Terrain Rammed . | . . . . . Walls Destroyed . | . . . . . Machines Disabled . | . . . . . Actions | -11 -10 -10 -10 -9 --------- Run | Scr Mat Min Exi Min Total 634 | 37 153 149 214 81 Wait . | . . . . . Move 609 | 34 151 148 208 68 Hop . | . . . . . Pick Up 7 | 1 2 . 4 . Fast Attach 3 | 2 . 1 . . Attach 3 | . . . 2 1 Detach . | . . . . . Swap . | . . . . . Drop 1 | . . . . 1 Fire 11 | . . . . 11 Melee . | . . . . . Ram . | . . . . . Kick . | . . . . . Crush . | . . . . . Escape Stasis . | . . . . . Rewire . | . . . . . Trap . | . . . . . Miscellaneous . | . . . . . Route ------- -11/Scrapyard -10/Materials (discovered 2 exits: [*Mat] / [*Min]) -10/Mines (discovered 2 exits: [*Mat] / *Exi) -10/Exiles -9/Mines History --------- Turn | Location | Event 10 | -11/Scrapyard | Discovered new exit (range 15) 22 | -11/Scrapyard | Entered Materials 48 | -10/Materials | Discovered new exit (range 16) 97 | -10/Materials | Discovered new exit (range 8) 100 | -10/Materials | Entered Mines 132 | -10/Mines | Discovered new exit (range 9) 169 | -10/Mines | Received a Mining Laser from a helpful Derelict 174 | -10/Mines | Deemed a non-threat by the Exiles lab entrance 174 | -10/Mines | Discovered new exit (range 5) 176 | -10/Mines | Entered Exiles 188 | -10/Exiles | Met 8R-AWN 197 | -10/Exiles | Met EX-HEX 211 | -10/Exiles | Met EX-BIN 217 | -10/Exiles | Aligned with FarCom system 217 | -10/Exiles | Given EX-Vault access code 229 | -10/Exiles | Opened EX-Vault 235 | -10/Exiles | Found Flying Fortress v7 237 | -10/Exiles | Found Deploy-a-Sentry 239 | -10/Exiles | Found Deploy-a-Sentry 242 | -10/Exiles | Found Deploy-a-Sentry 271 | -10/Exiles | Warned to stay clear of 0b10 Research branches 312 | -10/Exiles | Build established: Mutant 313 | -10/Exiles | Met EX-DEC 321 | -10/Exiles | Learned location of Zion (-6) 363 | -10/Exiles | Discovered new exit (range 14) 382 | -10/Exiles | Stole two prototypes: Flying Fortress v7, Deploy-a-Sentry 382 | -10/Exiles | Entered Mines 422 | -9/Mines | Assembled infested the area 466 | -9/Mines | Destroyed 20 combat bots 502 | -9/Mines | Core integrity fell below 50% 504 | -9/Mines | DAS Turret deployed 504 | -9/Mines | Core integrity fell below 20% 504 | -9/Mines | Destroyed by D-53 Grenadier with Mini Grenade Launcher Last Messages --------------- 00455_ The unstable cave ceiling collapses. 00463_ U-05 Engineer lays Concrete. 00465_ Acquired 2 matter. 00466_ U-05 Engineer lays Concrete. 00491_ The unstable cave ceiling collapses. 00491_ U-05 Engineer lays Concrete. 00492_ C-30 ARC bursts open, deploying its payload. 00492_ D-53 Grenadier unfolds itself. 00492_ U-05 Engineer builds a Wall. 00493_ U-05 Engineer destroyed. 00495_ Grenade Launcher destroyed. 00497_ Lgt. Treads destroyed. 00498_ Grenade Launcher destroyed. 00498_ Lgt. Treads destroyed. 00500_ The unstable cave ceiling collapses. 00502_ Dropped Sml. Storage Unit. 00503_ The unstable cave ceiling collapses. 00504_ DAS Turret deployed. 00504_ Destroyed Mni. Grenade Launcher. 00504_ D-53 Grenadier knocked back. Map ----- +----------------------------------------------------+ | ?????? ?????????????????????????? | | ?????? ?????????????????????????? | | ?????? #??????????????? ????????? | | ?????# #??????????????? #???????? | | ?????# #?????????????## #???????? | | ?????# #?????????????# #####???? | | ###??# #????????##### #??? | | ### #????????# #?? | | ## #???????? #?? | | ## ########?? #?? | | #?? #??? | | #??? #???? | | # # ####### #???# #????? | | ##### #?????# #???# #????? | | ????# #?????# ##?## #????? | | ????# #?????# t### #????? | | ??### ##????# = = #????? | | ??# #????## !* # #?????? | | ??# #?????## # ###???? | | ??# #??????## % % = ###??? | | ??# #???????## dd #??? | | ?? #????????## ###?? | | ?## #?????????# ### | | ??######?????????# # !t # | | ?????????????????# & # | | ?????????????????# @ # | | ?????????????????### # | | ???????????????????## # | | ????????????????????## | | ?????????????????????### # | | ???????????????????????# # ## | | ???????????????????????# ##? | | ???????????????????????## #? | | ????????????????????????### #? | | ?????????????????????????# < ##? | | ????????????????????????# ##?? | | ????????????????????????# ####??? | | ????????????????????????###??????? | | ?????????????????????????????????? | | ?????????????????????????????????? | | ?????????????????????????????????? | | ?????????????????????????????????? | | ?????????????????????????????????? | | ?????????????????????????????????? | | ?????????????????????????????????? | | ?????????????????????????????????? | | ?????????????????????????????????? | | ?????????????????????????????????? | | ?????????????????????????????????? | | ?????????????????????????????????? | +----------------------------------------------------+ Best States ------------- Heat Dissipation 25 Energy Generation 5 Energy Capacity 100 Matter Stores 286 Matter Capacity 300 Sight Range 16 Terrain Scan Density 10 Utility Shielding 33 Evasion (%) 50 Item Schematics ----------------- None Robot Schematics ------------------ None Fabricated ------------ Nothing Alien Tech Used ----------------- None Achievements -------------- None Challenges ------------ None Game ------ Seed AutogunMicrowarpProtection Manual? 0 Play Time 00:06:45 Cumulative 635.1 hours Start 2022.03.01 @ 22:10:38 End 2022.03.01 @ 22:15:49 Sessions 1 Manual Loads 0 Difficulty Rogue Special Mode None Game No. 483 Rogue 483 Adventurer 0 Explorer 0 Win Type - Total 164 Types 91/9/47/6/3/2/4/1/1 Lore% 94 Gallery% 93 Achievement% 84 Wizard Run 0 Options --------- ASCII 1 Keyboard 0 Movement Vi Keybinds 0 Fullscreen 1 Font 16/Smallcaps Map View 184x79 Tactical HUD 1 Map Filters NONE Filters NONE Steam 1 RUN: 1867e293-41f6-4f61-b389-d63a495cf3ec